 Dungeon Crawl Stone Soup version 0.27-a0-1140-g099f9bb0e8 (webtiles) character file.

Game seed: 2803943761145786675

318 DasRunzen the Slasher (level 6, -17/47 HPs)
             Began as a Demonspawn Gladiator on May 10, 2021.
             Demolished by an ogre
             ... wielding a +0 giant club
              (26 damage)
             ... on level 4 of the Dungeon.
             The game lasted 00:04:19 (3583 turns).

DasRunzen the Slasher (Demonspawn Gladiator)        Turns: 3583, Time: 00:04:19

Health: -17/47     AC:  5    Str: 15    XL:     6   Next: 21%
Magic:  6/6        EV: 12    Int: 11    God:
Gold:   139        SH:  0    Dex: 14    Spells: 5/5 levels left

rFire    . . .     SeeInvis .   a - +0 long sword
rCold    . . .     Faith    +   (no shield)
rNeg     . . .     Spirit   .   b - +0 leather armour
rPois    .         Reflect  .   (helmet restricted)
rElec    .         Harm     .   (no cloak)
rCorr    .         Rampage  .   (no gloves)
Will     .....                  (no boots)
Stlth    +.........             c - amulet of faith
HPRegen  0.15/turn              i - ring of wizardry
MPRegen  0.10/turn              (no ring)

@: no status effects
A: horns 1, thin metallic scales 1, demonic magic 1
a: no special abilities


You were on level 4 of the Dungeon.
You visited 1 branch of the dungeon, and saw 4 of its levels.

You collected 139 gold pieces.

Inventory:

Hand Weapons
 a - a +0 long sword (weapon)
Missiles
 d - 3 throwing nets (quivered)
Armour
 b - a +0 leather armour (worn)
Jewellery
 c - an amulet of faith (around neck)
 i - a ring of wizardry (left hand)
Potions
 e - a potion of brilliance
 g - a potion of magic {unknown}
 h - a potion of flight


   Skills:
 + Level 3.4 Fighting
 * Level 4.5 Long Blades
 - Level 1.7 Throwing
 + Level 2.3 Armour
 + Level 3.6 Dodging


You had 5 spell levels left.
You didn't know any spells.
Your spell library contained the following spells:

 Spells                   Type           Power      Damage    Failure   Level
 Beastly Appendage        Tmut           0%         N/A       17%         1
 Wereblood                Tmut           0%         N/A       26%         2
 Spider Form              Tmut/Pois      0%         N/A       45%         3
 Ice Form                 Ice/Tmut       0%         N/A       83%         4
 Hydra Form               Tmut           0%         N/A       99%         5


Dungeon Overview and Level Annotations

Branches:
Dungeon (4/15)
 Temple: D:4-7

Altars:


Innate Abilities, Weirdness & Mutations

You have a pair of small horns on your head.
You are partially covered in thin metallic scales. (AC +2)
Spells you cast may paralyse adjacent enemies.


Message History

You barely miss the ogre.
The goblin shouts!
You headbutt the ogre.
The ogre is lightly wounded.
The ogre closely misses you.
You riposte.
You completely miss the ogre.
You headbutt the ogre, but do no damage.
The ogre is lightly wounded.
You hit the ogre but do no damage. Your headbutt misses the ogre.
The ogre is lightly wounded.
The ogre misses you.
You riposte.
You hit the ogre.
The ogre is moderately wounded.
Unknown command.
You hit the ogre.
The ogre is moderately wounded.
The ogre closely misses you.
Unknown command.
You barely miss the ogre.
The ogre is moderately wounded.
The ogre hits you with a +0 giant club!
Unknown command.
You hit the ogre but do no damage.
The ogre is moderately wounded.
A hobgoblin comes into view.
The ogre hits you with a +0 giant club.
You see here a +0 great sword.
You slash the goblin!
You kill the goblin!
You barely miss the ogre. You headbutt the ogre.
The ogre is heavily wounded.
The ogre hits you with a +0 giant club!!
Ouch! That really hurt!
* * * LOW HITPOINT WARNING * * *
Unknown command.
You hit the ogre but do no damage.
The ogre is heavily wounded.
You slash the ogre!
The ogre is severely wounded.
The ogre hits you with a +0 giant club!!
Ouch! That really hurt!
You die...

#..<..<....
#.######### #.#
#.# #.# #.# #.#
######.##########
#.........@O.....#
...#########.#.#.#
#..........
#..#####.## #.. #
.#. .... #+ #. #g


You could see an ogre.

Vanquished Creatures
  Sigmund (D:2)
  An orc priest (D:3)
  A hound (D:2)
  2 adders (D:3)
  A white imp (D:3)
  5 orcs
  7 endoplasms
  3 giant cockroaches
  10 goblins
  10 hobgoblins
  5 jackals
  4 quokkas (D:1)
  8 ball pythons
  2 bats
  5 frilled lizards
  A rat (D:2)
66 creatures vanquished.

Notes
Turn   | Place    | Note
-------+----------+-------------------------------------------
     0 | D:1      | DasRunzen the Demonspawn Gladiator began the quest for the
                  | Orb.
     0 | D:1      | Reached XP level 1. HP: 16/16 MP: 1/1
   481 | D:1      | Gained mutation: You have a pair of small horns on your
                  | head. [demonic ancestry]
   481 | D:1      | Reached XP level 2. HP: 22/22 MP: 2/2
   534 | D:1      | Reached skill level 3 in Long Blades
  1438 | D:2      | Reached skill level 1 in Armour
  1438 | D:2      | Reached XP level 3. HP: 10/28 MP: 3/3
  1766 | D:2      | Gained mutation: You are partially covered in thin metallic
                  | scales. (AC +2) [demonic ancestry]
  1766 | D:2      | Reached XP level 4. HP: 30/34 MP: 4/4
  2055 | D:2      | Noticed Sigmund
  2514 | D:2      | Killed Sigmund
  2515 | D:2      | Reached skill level 4 in Long Blades
  2515 | D:2      | Gained mutation: Spells you cast may paralyse adjacent
                  | enemies. [demonic ancestry]
  2515 | D:2      | Reached XP level 5. HP: 41/41 MP: 5/5
  2809 | D:3      | Found a faded altar of an unknown god.
  2825 | D:3      | Reached XP level 6. HP: 39/47 MP: 6/6
  3583 | D:4      | Demolished by an ogre

Illustrated notes

Levels and vault maps discovered:
D:1:      heliophobic_arrival_henge, layout_loops_ring
D:2:      layout_basic, guppyfry_early_orc_mine, uniq_sigmund
D:3:      layout_loops_cross, hellmonk_ecumenical_altar_arch_garden
D:4:      layout_loops_ring, minmay_misc_feat_doors, st_stairs_5

Skill      XL: |  1  2  3  4 |
---------------+-------------+-----
Long Blades    | 3 4 |  4.5
Armour         | 1 2 |  2.3
Dodging        | 3 |  3.6
Fighting       | 3 |  3.4
Throwing       | |  1.7

Action                   |  1- 3 |  4- 6 || total
-------------------------+-------+-------++-------
Melee: Long sword        |    94 |    85 ||   179
       Headbutt          |    14 |    16 ||    30
  Use: Scroll            |     2 |     3 ||     5
       Potion            |       |     1 ||     1
 Stab: Sleeping          |     1 |       ||     1
Armor: Leather armour    |    21 |    28 ||    49
Dodge: Dodged            |    70 |    60 ||   130
       Rpst.: Long sword |    22 |    16 ||    38

Table legend: (Time is in decaauts)
 A = Elapsed time spent in this place.
 B = Non-inter-level travel time spent in this place.
 C = Inter-level travel time spent in this place.
 D = Time resting spent in this place.
 E = Time spent auto-exploring this place.
 F = Levels seen in this place.
 G = Mean time per level.
                   A        B        C        D        E       F      G
               +--------+--------+--------+--------+--------+-----+--------+
         Total |   3635 |   3546 |     89 |    468 |   2593 |   4 |  908.8 |
       Dungeon |   3635 |   3546 |     89 |    468 |   2593 |   4 |  908.8 |
               +--------+--------+--------+--------+--------+-----+--------+

Top non-repeatable levels by time:
     D:2: 1369 daAuts
     D:1: 1294 daAuts
     D:3: 941 daAuts
     D:4: 30 daAuts
